Map: Fields of Death

Players

GoMeZ - Winner!

  • Race: Zerg Zerg
  • League: Diamond

Tenonee - Winner!

  • Race: Zerg Zerg

vexx

  • Race: Protoss Protoss

lVlagic

  • Race: Terran Terran
  • League: Diamond

VOD

Have the link to the VOD?

Description

Time

  • Played on: July 18, 2016, 5:21 p.m.
  • Length: 13:38
Show
View Real Time Build Order
Export as new Build Order

GoMeZ Zerg - Winner!

Build Orders: Hatch First 

Get SALT Encoding   

  12  0:00  Drone  
  13  0:15  Overlord  
  13  0:18  Drone  
  14  0:22  Extractor  
  14  0:23  Drone  
  15  0:34  Drone  
  16  0:37  Drone  
  17  0:49  Drone  
  18  0:59  Extractor  
  18  1:00  Drone  
  18  1:03  Hatchery  
  17  1:15  Spawning Pool  
  16  1:19  Drone  
  16  1:24  Overlord  
  17  1:33  Drone  
  18  1:46  Drone  
  19  1:53  Drone  
  20  2:03  Metabolic Boost, Queen  
  20  2:05  Zergling x2  
  23  2:14  Queen  
  25  2:16  Zergling x2  
  25  2:17  Zergling x2  
  27  2:27  Drone  
  27  2:28  Drone  
  29  2:40  Hatchery  
  29  2:42  Drone  
  30  2:44  Drone  
  30  2:48  Drone  
  30  2:49  Drone  
  32  3:03  Overlord  
  32  3:05  Drone  
  33  3:08  Drone  
  33  3:09  Drone  
  35  3:17  Drone  
  36  3:21  Queen x2  
  40  3:29  Extractor  
  40  3:30  Drone x5  
  40  3:33  Overlord  
  44  3:43  Overlord  
  44  4:01  Drone x4  
  48  4:04  Queen  
  48  4:05  Drone x3  
  48  4:06  Drone x5  
  58  4:11  Baneling Nest, Drone  
  58  4:15  Drone x2  
  60  4:22  Drone  
  60  4:23  Drone  
  62  4:24  Drone  
  62  4:26  Extractor  
  62  4:27  Extractor  
  62  4:28  Lair  
  61  4:32  Drone x3  
  61  4:35  Drone x2  
  66  4:42  Evolution Chamber, Drone  
  66  4:43  Evolution Chamber  
  65  4:48  Overlord  
  64  5:04  Drone x2  
  66  5:10  Overlord x2  
  66  5:14  Spore Crawler  
  66  5:17  Spore Crawler  
  66  5:19  Drone  
  66  5:20  Drone  
  65  5:25  Extractor  
  64  5:30  Zerg Melee Weapons Level 1, Zerg Ground Armor Level 1  
  64  5:32  Spore Crawler  
  64  5:34  Centrifical Hooks  
  63  5:36  Drone x12, Spore Crawler  
  74  5:48  Overlord  
  74  5:57  Overlord x2  
  74  5:58  Pneumatized Carapace, Extractor  
  73  6:05  Queen x2  
  73  6:07  Zergling x2  
  73  6:08  Spore Crawler, Zergling x8  
  81  6:20  Spore Crawler  
  81  6:23  Zergling x2  
  81  6:24  Spire, Zergling x18  
  89  6:25  Baneling x2  
  89  6:26  Zergling x4  
  89  6:30  Zergling x2  
  92  6:35  Baneling x7  
  92  6:36  Baneling x3  
  92  6:40  Drone x5  
  97  6:48  Overlord x2  
  97  7:02  Zergling x2  
  97  7:06  Queen x3  
  104  7:11  Zergling x2  
  104  7:12  Zergling x12  
  104  7:14  Overlord  
  111  7:20  Zergling x2  
  101  7:41  Baneling  
  101  7:42  Baneling x7  
  97  7:44  Zergling x2  
  97  7:45  Zergling x18  
  107  7:52  Queen x3  
  107  7:53  Corruptor x4  
  121  8:00  Zerg Melee Weapons Level 2  
  121  8:01  Zerg Ground Armor Level 2  
  121  8:03  Zerg Flyer Armor Level 1  
  121  8:04  Drone  
  119  8:19  Corruptor  
  119  8:25  Overlord x4  
  121  8:29  Hatchery  
  120  8:40  Corruptor  
  122  8:47  Hatchery  
  121  8:54  Corruptor  
  121  8:55  Spire, Corruptor x3, Infestation Pit  
  127  9:02  Zergling x16  
  116  9:11  Zergling x14  
  118  9:17  Zergling x2  
  118  9:18  Zergling x6  
  111  9:31  Queen x3  
  107  9:33  Baneling x11  
  107  9:35  Zergling x2  
  113  9:39  Corruptor  
  113  9:43  Corruptor  
  115  9:46  Drone x3  
  115  9:50  Corruptor  
  117  10:07  Baneling x5  
  117  10:14  Hatchery  
  111  10:28  Zergling x24  
  103  10:34  Baneling x2  
  103  10:35  Baneling x2  
  111  10:41  Zerg Flyer Armor Level 2, Hive  
  111  10:42  Zerg Flyer Weapons Level 1  
  111  10:43  Drone x8  
  111  10:46  Extractor  
  111  10:47  Extractor  
  117  10:53  Zergling x10  
  122  11:01  Hatchery  
  122  11:02  Zergling x8  
  125  11:06  Baneling x7  
  125  11:09  Corruptor x2  
  129  11:12  Zergling x4  
  131  11:26  Zergling x4  
  131  11:27  Zergling x18  
  142  11:37  Zergling x16  
  142  11:38  Zergling x4  
  152  11:42  Baneling x8  
  152  11:43  Baneling x3  
  152  11:44  Zergling x4  
  152  11:46  Zergling x2  
  145  12:05  Corruptor  
  145  12:06  Corruptor x4  
  111  12:30  Zergling x18  
  111  12:31  Zergling x12  
  111  12:39  Corruptor  
  111  12:41  Drone  
  111  12:42  Drone  
  111  12:44  Drone x3  
  114  12:51  Drone  
  115  13:01  Corruptor x4  
Show
View Real Time Build Order
Export as new Build Order

Tenonee Zerg - Winner!

Build Orders: Hatch First, Lurkers 

Get SALT Encoding   

  12  0:02  Drone  
  13  0:08  Drone  
  14  0:37  Extractor  
  14  0:40  Drone  
  14  0:44  Hatchery  
  13  0:56  Spawning Pool  
  12  1:06  Overlord  
  12  1:13  Drone  
  13  1:19  Drone  
  14  1:28  Drone  
  14  1:31  Drone  
  16  1:43  Metabolic Boost  
  16  1:50  Queen  
  18  2:03  Queen  
  20  2:12  Drone x3  
  23  2:18  Overlord  
  23  2:32  Drone x4  
  27  2:40  Overlord  
  27  2:49  Drone x2  
  29  2:55  Zergling x2  
  29  2:56  Zergling x2  
  31  3:08  Drone x4  
  35  3:26  Hatchery  
  34  3:30  Drone x3  
  34  3:31  Drone x5  
  42  3:48  Extractor  
  42  3:50  Overlord x3  
  39  4:04  Queen  
  41  4:17  Extractor x2  
  41  4:20  Drone x2  
  41  4:21  Drone  
  42  4:26  Drone x3  
  42  4:27  Drone  
  48  4:34  Lair  
  46  4:41  Roach Warren  
  45  4:55  Evolution Chamber  
  45  4:57  Evolution Chamber  
  43  5:02  Spore Crawler x2  
  43  5:06  Spore Crawler  
  40  5:09  Drone x3  
  40  5:10  Drone x13  
  55  5:44  Zerg Ground Armor Level 1, Zerg Missile Weapons Level 1  
  55  5:45  Glial Reconstitution  
  55  5:51  Extractor  
  55  5:52  Extractor, Spore Crawler  
  55  5:53  Spore Crawler  
  55  5:56  Roach x3  
  55  5:57  Roach, Hydralisk Den  
  56  5:59  Overlord x3  
  56  6:00  Overlord  
  57  6:10  Drone  
  58  6:19  Spire  
  58  6:24  Drone x3  
  58  6:25  Drone  
  61  6:27  Muscular Augments  
  61  6:32  Drone x2  
  63  6:34  Drone  
  63  6:35  Drone x5  
  69  6:51  Hydralisk x2, Roach  
  69  6:52  Roach x2  
  73  6:59  Hydralisk  
  73  7:00  Roach x2  
  81  7:01  Roach  
  81  7:04  Overlord  
  81  7:11  Overlord x2  
  81  7:22  Hydralisk x2  
  81  7:23  Hydralisk x2  
  81  7:28  Overlord  
  79  7:52  Hydralisk x4, Roach  
  79  7:53  Hydralisk, Roach x5  
  79  7:54  Roach  
  103  8:06  Zerg Flyer Weapons Level 1  
  103  8:09  Lurker Den  
  103  8:10  Zerg Ground Armor Level 2  
  103  8:16  Zerg Missile Weapons Level 2  
  103  8:21  Corruptor  
  105  8:41  Hydralisk x2, Roach  
  105  8:42  Roach  
  105  8:44  Overlord x3  
  113  8:50  Drone  
  113  8:51  Overlord  
  113  8:52  Overlord  
  114  9:03  Corruptor x4  
  106  9:25  Hydralisk x4, Roach  
  106  9:26  Hydralisk, Roach x4  
  116  9:39  Lurker x3  
  116  9:40  Lurker x2  
  116  9:45  Hydralisk x2, Roach  
  123  9:46  Roach x2  
  131  10:19  Overlord x3  
  129  10:22  Extractor, Corruptor  
  129  10:23  Corruptor x6  
  127  10:37  Hydralisk  
  127  10:38  Hydralisk x2, Roach x3  
  139  10:50  Infestation Pit  
  139  10:51  Hydralisk x2  
  139  10:52  Roach x2  
  145  11:13  Hydralisk x2, Roach  
  145  11:14  Roach x2  
  155  11:32  Hatchery  
  154  11:35  Zergling x2  
  154  11:36  Zergling x2  
  154  11:37  Zergling x2  
  157  11:45  Hydralisk x3, Roach x2  
  157  11:46  Roach  
  165  12:14  Corruptor x6  
  165  12:15  Corruptor  
  169  12:18  Overlord x2  
  169  12:19  Overlord  
  155  12:48  Hydralisk x4, Roach  
  155  12:49  Roach x4  
  150  13:16  Roach  
  150  13:17  Roach x2  
Show
View Real Time Build Order
Export as new Build Order

vexx Protoss 

Build Orders: Oracle Opening, Phoenix Opening 

Get SALT Encoding   

  12  0:01  Probe (Chrono Boost)  
  13  0:11  Probe (Chrono Boost)  
  14  0:18  Pylon  
  14  0:22  Probe (Chrono Boost)  
  15  0:36  Probe (Chrono Boost)  
  15  0:37  Gateway  
  16  0:48  Probe (Chrono Boost), Assimilator  
  17  0:58  Probe (Chrono Boost)  
  17  1:01  Assimilator  
  18  1:09  Probe (Chrono Boost)  
  19  1:19  Probe (Chrono Boost), Pylon  
  19  1:24  Cybernetics Core  
  20  1:30  Probe (Chrono Boost)  
  21  1:40  Probe (Chrono Boost)  
  22  1:51  Probe (Chrono Boost)  
  22  1:53  Pylon  
  23  2:01  Probe (Chrono Boost)  
  23  2:02  Stargate  
  24  2:12  Mothership Core (Chrono Boost)  
  26  2:16  Pylon  
  26  2:31  Probe (Chrono Boost)  
  27  2:41  Probe (Chrono Boost)  
  28  2:46  Oracle  
  31  2:52  Probe (Chrono Boost)  
  32  3:02  Probe (Chrono Boost)  
  32  3:13  Probe (Chrono Boost)  
  33  3:22  Phoenix  
  33  3:23  Forge  
  35  3:29  Probe (Chrono Boost), Nexus  
  36  3:35  Pylon  
  36  3:39  Probe (Chrono Boost)  
  37  3:49  Phoenix  
  37  3:50  Probe (Chrono Boost)  
  40  4:00  Probe (Chrono Boost)  
  41  4:12  Pylon, Phoenix  
  43  4:17  Stargate  
  44  4:33  Probe (Chrono Boost)  
  44  4:34  Assimilator, Phoenix  
  46  4:38  Assimilator  
  46  4:42  Probe (Chrono Boost)  
  48  4:46  Probe (Chrono Boost)  
  48  4:55  Phoenix  
  50  5:00  Pylon  
  50  5:04  Probe (Chrono Boost)  
  50  5:05  Probe (Chrono Boost)  
  52  5:10  Phoenix  
  54  5:18  Probe (Chrono Boost)  
  54  5:19  Probe (Chrono Boost)  
  56  5:23  Phoenix  
  56  5:28  Probe (Chrono Boost)  
  59  5:31  Probe (Chrono Boost)  
  60  5:37  Phoenix  
  60  5:39  Probe (Chrono Boost)  
  63  5:48  Probe (Chrono Boost)  
  64  5:57  Phoenix  
  64  6:02  Phoenix  
  68  6:10  Probe (Chrono Boost)  
  68  6:11  Photon Cannon  
  69  6:12  Photon Cannon  
  69  6:18  Nexus  
  69  6:25  Pylon  
  69  6:26  Pylon  
  69  6:33  Stargate  
  69  6:49  Phoenix  
  69  6:52  Phoenix  
  73  7:08  Fleet Beacon  
  73  7:12  Photon Cannon, Pylon  
  73  7:13  Probe (Chrono Boost)  
  73  7:15  Pylon  
  74  7:17  Pylon  
  74  7:51  Phoenix  
  74  7:55  Phoenix  
  76  8:00  Anion Pulse-Crystals, Tempest  
  76  8:03  Probe x3 (Chrono Boost)  
  83  8:10  Assimilator, Tempest  
  83  8:14  Probe (Chrono Boost)  
  83  8:16  Probe (Chrono Boost)  
  83  8:17  Probe (Chrono Boost)  
  83  8:19  Tempest  
  90  8:24  Probe (Chrono Boost)  
  96  8:28  Probe (Chrono Boost)  
  96  8:43  Tempest  
  96  8:44  Warp Gate  
  96  8:47  Stargate  
  96  8:48  Probe (Chrono Boost)  
  101  8:51  Assimilator  
  101  8:52  Pylon  
  101  8:53  Photon Cannon  
  101  8:56  Pylon  
  101  9:15  Tempest  
  101  9:21  Tempest  
  109  9:26  Tempest  
  105  9:48  Photon Cannon  
  105  9:50  Photon Cannon  
  105  9:51  Gateway  
  105  9:52  Tempest  
  105  9:54  Photon Cannon  
  105  9:56  Pylon  
  109  10:04  Tempest  
  111  10:22  Nexus  
  111  10:24  Pylon  
  111  10:32  Tempest  
  107  10:39  Pylon, Protoss Air Armor Level 1  
  107  10:46  Probe x2 (Chrono Boost)  
  107  10:48  Probe (Chrono Boost)  
  110  10:53  Pylon  
  112  10:57  Probe x2 (Chrono Boost), Photon Cannon  
  112  10:59  Photon Cannon  
  112  11:00  Probe (Chrono Boost)  
  112  11:01  Photon Cannon  
  113  11:15  Robotics Facility  
  119  11:22  Photon Cannon  
  119  11:23  Probe (Chrono Boost)  
  119  11:24  Probe (Chrono Boost)  
  119  11:25  Pylon  
  121  11:28  Gateway  
  121  11:44  Probe x2 (Chrono Boost)  
  121  11:45  Probe (Chrono Boost)  
  120  12:12  Tempest  
  103  12:18  Tempest x3  
  60  12:49  Tempest  
Show
View Real Time Build Order
Export as new Build Order

lVlagic Terran 

Build Orders: Command Center First (CC), MMM Bio 

Get SALT Encoding   

  12  0:01  SCV  
  13  0:13  SCV  
  14  0:19  Supply Depot  
  14  0:25  SCV  
  15  0:41  SCV  
  16  0:53  SCV  
  17  1:01  Command Center  
  17  1:05  SCV  
  18  1:15  Barracks  
  18  1:21  Refinery  
  18  1:24  SCV  
  19  1:36  SCV  
  20  1:48  SCV  
  20  1:54  Supply Depot  
  21  2:04  Barracks  
  21  2:06  Orbital Command  
  21  2:09  Barracks Tech Lab  
  21  2:16  Orbital Command  
  21  2:28  Refinery  
  21  2:31  Marauder  
  21  2:32  Concussive Shells  
  23  2:37  SCV  
  23  2:41  SCV  
  25  2:49  SCV  
  26  2:53  SCV  
  26  2:57  Barracks Reactor  
  27  2:59  Marine  
  27  3:01  SCV  
  29  3:13  Factory  
  29  3:15  SCV x2  
  29  3:19  Marine, Refinery  
  32  3:22  Bunker  
  32  3:24  Bunker  
  32  3:27  SCV x2  
  32  3:28  Combat Shields  
  34  3:35  Marine x2  
  34  3:37  Marine  
  34  3:39  SCV x2  
  39  3:51  SCV x2  
  39  3:52  Marine  
  39  3:53  Marine  
  39  3:55  Marine  
  44  4:01  Starport  
  44  4:03  Factory Tech Lab  
  44  4:04  SCV x2  
  44  4:07  Refinery  
  46  4:22  Supply Depot  
  46  4:23  Supply Depot  
  46  4:27  Supply Depot  
  46  4:44  Marine x2, Siege Tank, Marauder  
  53  4:47  Stimpack, SCV x2  
  53  4:48  Engineering Bay  
  53  4:49  Engineering Bay  
  55  4:55  Starport Reactor  
  55  4:56  Barracks  
  55  5:01  Barracks, Marine x2  
  55  5:04  SCV  
  55  5:05  SCV  
  55  5:06  Marauder  
  61  5:14  Supply Depot  
  61  5:16  SCV  
  61  5:18  Siege Tank, SCV  
  66  5:23  Terran Infantry Weapons Level 1  
  66  5:25  Terran Infantry Armor Level 1  
  66  5:28  SCV  
  66  5:30  SCV  
  66  5:31  Medivac  
  66  5:35  Medivac  
  72  5:40  SCV  
  72  5:42  SCV  
  74  5:43  Supply Depot  
  74  5:45  Supply Depot  
  74  5:57  Barracks  
  74  5:59  Barracks Tech Lab, Barracks Reactor  
  74  6:00  Barracks  
  74  6:02  Medivac  
  76  6:05  Medivac  
  76  6:06  Marauder  
  76  6:07  Marine x2  
  82  6:13  Siege Tank  
  82  6:14  SCV  
  82  6:16  SCV  
  87  6:32  Marine, Marauder  
  89  6:35  Medivac  
  92  6:40  Command Center  
  92  6:41  Marine, Marauder  
  92  6:44  Marine x2  
  92  6:45  Widow Mine  
  99  6:53  Armory  
  99  7:12  Marine x4, Marauder  
  99  7:13  Starport Tech Lab, Marine x3  
  99  7:15  Starport  
  108  7:30  Marine  
  99  7:42  Liberator  
  84  7:49  Marine x3, Marauder  
  84  7:50  Marine  
  88  7:52  Marine  
  88  7:53  Marine, Marauder  
  88  7:55  Terran Infantry Weapons Level 2  
  88  7:56  Terran Infantry Armor Level 2  
  92  7:59  Raven  
  97  8:07  Marine x4  
  97  8:08  Planetary Fortress  
  97  8:10  Marine  
  97  8:11  Marauder  
  99  8:27  Marine x5, Marauder  
  101  8:28  Marine  
  101  8:32  Marine  
  108  8:44  Marine  
  109  8:52  Missile Turret, Marine  
  109  8:53  Marine x4, Marauder x2  
  118  9:02  Marine  
  110  9:10  Marine x2  
  110  9:11  Marine x2  
  110  9:13  Missile Turret, Marine  
  110  9:14  Marauder x2  
  103  9:20  Marine  
  82  9:28  Marine x4  
  86  9:31  Marine  
  86  9:35  Marine, Marauder  
  86  9:38  Marine  
  87  9:46  Marine x4, SCV  
  87  9:49  Medivac, Marine  
  95  9:53  Medivac, Marauder  
  95  9:56  Marine  
  95  9:57  Marauder  
  95  9:58  Widow Mine  
  104  10:04  Marine x4  
  106  10:07  Marine  
  106  10:14  Marine  
  108  10:15  Marauder  
  108  10:17  Medivac  
  108  10:18  Marauder  
  108  10:19  Medivac  
  116  10:21  Marine  
  116  10:22  Marine x3  
  116  10:25  Marine  
  84  10:36  Marauder  
  84  10:38  Siege Tank  
  84  10:39  Marauder  
  84  10:40  Drilling Claws  
  91  10:43  Refinery x2  
  91  10:44  Terran Infantry Weapons Level 3, Terran Infantry Armor Level 3  
  91  10:45  SCV  
  91  10:47  SCV  
  93  10:50  Barracks Tech Lab x2  
  93  10:53  Medivac  
  93  10:55  Medivac  
  97  10:57  Marauder, SCV  
  97  10:59  SCV  
  97  11:00  SCV  
  102  11:09  Widow Mine, SCV  
  105  11:11  SCV  
  105  11:12  SCV  
  105  11:13  Raven  
  105  11:16  Marine x4, Marauder  
  115  11:27  Marine  
  115  11:28  Marine, Marauder  
  119  11:34  Marine x4  
  119  11:37  Marine  
  119  11:39  Siege Tank  
  113  12:09  Marine x3, Marauder x2  
  88  12:42  Marine x5, Marauder  
  88  12:43  Marine  
  86  12:44  Siege Tank  
  86  12:45  Marauder  
  91  12:55  Viking  
  99  13:00  Marine x5  
  99  13:01  Marauder  
  99  13:03  Marine  
  99  13:04  Command Center  
  107  13:06  Marine  
Tags
 
Add a new tag
Caveats
  • Supply blocks, unpowered buildings, or Contaminate may cause inaccurate times.
  • Supply counts are checked every 10 seconds.